TOP OF THE 1ST |
Victoria Capitals batting - Pitching for Madison Brewers : LHP Gordie Dennis
|
Pitching: LHP Gordie Dennis
|
|
Batting: RHB Mike Reynolds
|
0-0: Foul Ball, location: 2F 0-1: SINGLE (Flyball, 4D, EV 91.9 MPH)
|
Batting: RHB Antonio Arechiga
|
0-0: Fly out, F9 (Flyball, 9S, EV 77.5 MPH)
|
Batting: RHB Nick Ellis
|
0-0: Called Strike 0-1: Foul Ball, location: 2F 0-2: Strikes out looking
|
Batting: RHB Jeremy Marin
|
0-0: Foul Ball, location: 2F 0-1: Foul Ball, location: 2F 0-2: Strikes out swinging
|
Top of the 1st over - 0 runs, 1 hit, 0 errors, 1 left on base; Victoria 0 - Madison 0 |
BOTTOM OF THE 1ST |
Madison Brewers batting - Pitching for Victoria Capitals : RHP Jae-chun Jung
|
Pitching: RHP Jae-chun Jung
|
|
Batting: RHB Ben Follett
|
0-0: Foul Ball, location: 2F 0-1: Ball 1-1: Ball 2-1: Ball 3-1: Called Strike 3-2: Fly out, F8 (Flyball, 8RS, EV 93.8 MPH)
|
Batting: RHB Troy Morin
|
0-0: Ground out U3 (Groundball, 3, EV 85.6 MPH)
|
Batting: LHB Bill Kovac
|
0-0: Foul Ball, location: 2F 0-1: Ball 1-1: Ball 2-1: Called Strike 2-2: SINGLE (Flyball, 8LS, EV 95.6 MPH)
|
Batting: RHB Jelani Griffin
|
0-0: Ball 1-0: Ball 2-0: Foul Ball, location: 2F 2-1: Foul Ball, location: 2F 2-2: Foul Ball, location: 2F 2-2: Ball 3-2: SINGLE (Groundball, 56D, EV 98.8 MPH) Bill Kovac to second Bill Kovac to third
|
Batting: LHB Danny Roberts
|
0-0: Ball 1-0: Ball 2-0: Ball 3-0: Base on Balls Jelani Griffin to second
|
Batting: RHB Steve Brock
|
0-0: Ball 1-0: Fly out, F7 (Flyball, 7, EV 95.6 MPH)
|
Bottom of the 1st over - 0 runs, 2 hits, 0 errors, 3 left on base; Victoria 0 - Madison 0 |
TOP OF THE 2ND |
Victoria Capitals batting - Pitching for Madison Brewers : LHP Gordie Dennis
|
Batting: RHB Josh Rentz
|
0-0: Ball 1-0: Called Strike 1-1: Foul Ball, location: 2F 1-2: Ball 2-2: Foul Ball, location: 2F 2-2: Ball 3-2: Foul Ball, location: 2F 3-2: Strikes out swinging
|
Batting: LHB Willard Balcome
|
0-0: Called Strike 0-1: Called Strike 0-2: Strikes out looking
|
Batting: LHB Jason Cary
|
0-0: Called Strike 0-1: Ball 1-1: Swinging Strike 1-2: Ball 2-2: Fly out, F7 (Flyball, 7S, EV 90.6 MPH)
|
Top of the 2nd over - 0 runs, 0 hits, 0 errors, 0 left on base; Victoria 0 - Madison 0 |
BOTTOM OF THE 2ND |
Madison Brewers batting - Pitching for Victoria Capitals : RHP Jae-chun Jung
|
Batting: RHB Malcolm McCauley
|
0-0: SINGLE (Groundball, 4MD, EV 100.0 MPH)
|
Batting: RHB Dave Guevara
|
0-0: Fly out, F4 (Line Drive, 4, EV 61.9 MPH)
|
Batting: LHB Andy Underwood
|
0-0: Ball 1-0: SINGLE (Line Drive, 8RS, EV 108.1 MPH) Malcolm McCauley to second
|
Batting: RHB Ben Follett
|
0-0: Ball 1-0: Foul Ball, location: 2F 1-1: Called Strike 1-2: Ball 2-2: Foul Ball, location: 2F 2-2: Foul Ball, location: 2F 2-2: Ball 3-2: SINGLE (Groundball, 6MD, EV 97.5 MPH) Malcolm McCauley to third Andy Underwood to second Runner from 3rd tries for Home, SAFE, throw by CF to home
|
Batting: RHB Troy Morin
|
0-0: Foul Ball, location: 2F 0-1: Foul Ball, location: 2F 0-2: Strikes out swinging
|
Batting: LHB Bill Kovac
|
0-0: Fielders Choice at 2nd, 6-4 (Groundball, 6, EV 83.1 MPH)
|
Bottom of the 2nd over - 1 run, 3 hits, 0 errors, 2 left on base; Victoria 0 - Madison 1 |
TOP OF THE 3RD |
Victoria Capitals batting - Pitching for Madison Brewers : LHP Gordie Dennis
|
Batting: RHB Ray Wathey
|
0-0: Called Strike 0-1: Ball 1-1: Swinging Strike 1-2: Ball 2-2: Ball 3-2: Strikes out looking
|
Batting: LHB Mike Jones
|
0-0: Ball 1-0: Ball 2-0: Foul Ball, location: 2F 2-1: Ground out 3-1 (Groundball, 34S, EV 83.1 MPH)
|
Batting: RHB Mike Reynolds
|
0-0: Ball 1-0: Ground out 6-3 (Groundball, 6, EV 85.6 MPH)
|
Top of the 3rd over - 0 runs, 0 hits, 0 errors, 0 left on base; Victoria 0 - Madison 1 |
BOTTOM OF THE 3RD |
Madison Brewers batting - Pitching for Victoria Capitals : RHP Jae-chun Jung
|
Batting: RHB Jelani Griffin
|
0-0: Ball 1-0: Called Strike 1-1: Fly out, F8 (Flyball, 89D, EV 96.2 MPH)
|
Batting: LHB Danny Roberts
|
0-0: Ball 1-0: Called Strike 1-1: Foul Ball, location: 2F 1-2: Ground out 4-3 (Groundball, 4, EV 80.0 MPH)
|
Batting: RHB Steve Brock
|
0-0: SINGLE (Groundball, 34D, EV 95.0 MPH)
|
Batting: RHB Malcolm McCauley
|
0-0: Foul Ball, location: 2F 0-1: Ball 1-1: Called Strike 1-2: Foul Ball, location: 2F 1-2: Ball 2-2: Fly out, F6 (Popup, 6MD, EV 55.6 MPH)
|
Bottom of the 3rd over - 0 runs, 1 hit, 0 errors, 1 left on base; Victoria 0 - Madison 1 |
TOP OF THE 4TH |
Victoria Capitals batting - Pitching for Madison Brewers : LHP Gordie Dennis
|
Batting: RHB Antonio Arechiga
|
0-0: Called Strike 0-1: Ground out 1-3 (Groundball, 13S, EV 74.4 MPH)
|
Batting: RHB Nick Ellis
|
0-0: Ball 1-0: Swinging Strike 1-1: Hit by Pitch
|
Batting: RHB Jeremy Marin
|
0-0: Ball 1-0: Ball 2-0: Fly out, F7 (Flyball, 7S, EV 85.0 MPH)
|
Batting: RHB Josh Rentz
|
0-0: Called Strike 0-1: Foul Ball, location: 2F 0-2: Strikes out swinging, 2-3 out at first.
|
Top of the 4th over - 0 runs, 0 hits, 0 errors, 1 left on base; Victoria 0 - Madison 1 |
BOTTOM OF THE 4TH |
Madison Brewers batting - Pitching for Victoria Capitals : RHP Jae-chun Jung
|
Batting: RHB Dave Guevara
|
0-0: Ball 1-0: Ball 2-0: Foul Ball, location: 2F 2-1: Foul Ball, location: 2F 2-2: Ball 3-2: Ground out U3 (Groundball, 34, EV 100.6 MPH)
|
Batting: LHB Andy Underwood
|
0-0: Bunted foul 0-1: Ball 1-1: Ball 2-1: Ball 3-1: Ground out 4-3 (Groundball, 4, EV 80.6 MPH)
|
Batting: RHB Ben Follett
|
0-0: Called Strike 0-1: Foul Ball, location: 2F 0-2: Ball 1-2: Foul Ball, location: 2F 1-2: Ball 2-2: Ball 3-2: Fly out, F9 (Flyball, 89XD, EV 78.1 MPH)
|
Bottom of the 4th over - 0 runs, 0 hits, 0 errors, 0 left on base; Victoria 0 - Madison 1 |
TOP OF THE 5TH |
Victoria Capitals batting - Pitching for Madison Brewers : LHP Gordie Dennis
|
Batting: LHB Willard Balcome
|
0-0: Called Strike 0-1: Ball 1-1: Foul Ball, location: 2F 1-2: Foul Ball, location: 2F 1-2: Strikes out swinging
|
Batting: LHB Jason Cary
|
0-0: Swinging Strike 0-1: Foul Ball, location: 2F 0-2: Strikes out swinging
|
Batting: RHB Ray Wathey
|
0-0: Foul Ball, location: 2F 0-1: Ball 1-1: Called Strike 1-2: Strikes out swinging
|
Top of the 5th over - 0 runs, 0 hits, 0 errors, 0 left on base; Victoria 0 - Madison 1 |
BOTTOM OF THE 5TH |
Madison Brewers batting - Pitching for Victoria Capitals : RHP Jae-chun Jung
|
Batting: RHB Troy Morin
|
0-0: Ball 1-0: Foul Ball, location: 2F 1-1: Called Strike 1-2: Strikes out swinging
|
Batting: LHB Bill Kovac
|
0-0: Ball 1-0: Foul Ball, location: 2F 1-1: Ball 2-1: Foul Ball, location: 2F 2-2: Fly out, F7 (Line Drive, 7S, EV 91.9 MPH)
|
Batting: RHB Jelani Griffin
|
0-0: Ball 1-0: Ball 2-0: Ball 3-0: Called Strike 3-1: Swinging Strike 3-2: Fly out, F8 (Line Drive, 89M, EV 89.4 MPH)
|
Bottom of the 5th over - 0 runs, 0 hits, 0 errors, 0 left on base; Victoria 0 - Madison 1 |
TOP OF THE 6TH |
Victoria Capitals batting - Pitching for Madison Brewers : LHP Gordie Dennis
|
Batting: LHB Mike Jones
|
0-0: Ball 1-0: Ball 2-0: Ground out 4-3 (Groundball, 34, EV 96.2 MPH)
|
Batting: RHB Mike Reynolds
|
0-0: Fly out, F8 (Flyball, 8RD, EV 98.1 MPH)
|
Batting: RHB Antonio Arechiga
|
0-0: Called Strike 0-1: Foul Ball, location: 2F 0-2: Strikes out swinging
|
Top of the 6th over - 0 runs, 0 hits, 0 errors, 0 left on base; Victoria 0 - Madison 1 |
BOTTOM OF THE 6TH |
Madison Brewers batting - Pitching for Victoria Capitals : RHP Jae-chun Jung
|
Pitching: RHP Kevin Stodart
|
|
Batting: LHB Danny Roberts
|
0-0: Called Strike 0-1: Ball 1-1: Ball 2-1: Swinging Strike 2-2: Strikes out swinging
|
Batting: RHB Steve Brock
|
0-0: Called Strike 0-1: Ball 1-1: Fly out, F7 (Line Drive, 7, EV 98.8 MPH)
|
Batting: RHB Malcolm McCauley
|
0-0: Foul Ball, location: 2F 0-1: Hit by Pitch
|
Batting: RHB Dave Guevara
|
0-0: Foul Ball, location: 2F 0-1: Called Strike Malcolm McCauley steals 2nd, throwing error, E2 Malcolm McCauley to third 0-2: 2-RUN HOME RUN (Flyball, 7LD, EV 95.0 MPH), Distance : 357 ft
|
Batting: LHB Andy Underwood
|
0-0: Fly out, F8 (Flyball, 8RS, EV 98.1 MPH)
|
Bottom of the 6th over - 2 runs, 1 hit, 1 error, 0 left on base; Victoria 0 - Madison 3 |
TOP OF THE 7TH |
Victoria Capitals batting - Pitching for Madison Brewers : LHP Gordie Dennis
|
Batting: RHB Nick Ellis
|
0-0: Called Strike 0-1: Ball 1-1: Foul Ball, location: 2F 1-2: SINGLE (Flyball, 34D, EV 95.6 MPH)
|
Batting: RHB Jeremy Marin
|
0-0: Fly out, F3 (Popup, 34S, EV 85.6 MPH)
|
Batting: RHB Josh Rentz
|
0-0: Ball 1-0: Foul Ball, location: 2F 1-1: Called Strike 1-2: 2-RUN HOME RUN (Flyball, 8RXD, EV 114.4 MPH), Distance : 437 ft
|
Pinch Hitting: LHB Adam Lupfer
|
0-0: Foul Ball, location: 2F 0-1: Foul Ball, location: 2F 0-2: Ball 1-2: Foul Ball, location: 2F 1-2: Foul Ball, location: 2F 1-2: Foul Ball, location: 2F 1-2: Strikes out looking
|
Pinch Hitting: LHB Yen-ti Zhu
|
0-0: Foul Ball, location: 2F 0-1: Ball 1-1: Foul Ball, location: 2F 1-2: Ground out 6-3 (Groundball, 6D, EV 104.4 MPH)
|
Top of the 7th over - 2 runs, 2 hits, 0 errors, 0 left on base; Victoria 2 - Madison 3 |
BOTTOM OF THE 7TH |
Madison Brewers batting - Pitching for Victoria Capitals : RHP Kevin Stodart
|
Now at 1B: Yen-ti Zhu
|
|
Now in RF: Adam Lupfer
|
|
Batting: RHB Ben Follett
|
0-0: Ball 1-0: Called Strike 1-1: Foul Ball, location: 2F 1-2: Ball 2-2: Foul Ball, location: 2F 2-2: Ball 3-2: Base on Balls
|
Batting: RHB Troy Morin
|
0-0: Reached on error, E3 (Groundball, 3S, EV 43.8 MPH) Ben Follett to second
|
Batting: LHB Bill Kovac
|
0-0: Ball 1-0: Called Strike 1-1: Swinging Strike 1-2: Ball 2-2: Ball 3-2: Base on Balls Ben Follett to third Troy Morin to second
|
Pitching: LHP Frank White
|
|
Batting: RHB Jelani Griffin
|
0-0: Foul Ball, location: 2F 0-1: Ball 1-1: DOUBLE (Flyball, 5D, EV 92.5 MPH) Ben Follett scores Troy Morin scores Bill Kovac to third
|
Batting: LHB Danny Roberts
|
0-0: Ball 1-0: Foul Ball, location: 2F 1-1: Ball 2-1: Foul Ball, location: 2F 2-2: Foul Ball, location: 2F 2-2: Ball 3-2: SINGLE (Groundball, 56, EV 100.6 MPH) Bill Kovac scores Jelani Griffin to third Runner from 3rd tries for Home, SAFE, throw by LF to home
|
Batting: RHB Steve Brock
|
0-0: Swinging Strike 0-1: Ball 1-1: Swinging Strike 1-2: Foul Ball, location: 2F 1-2: Strikes out looking
|
Batting: RHB Malcolm McCauley
|
0-0: Ball 1-0: Ball 2-0: Called Strike 2-1: Fly out, F3 (Popup, 3F, EV 68.8 MPH)
|
Batting: RHB Dave Guevara
|
0-0: Ground out 5-3 (Groundball, 5S, EV 66.2 MPH)
|
Bottom of the 7th over - 4 runs, 2 hits, 1 error, 1 left on base; Victoria 2 - Madison 7 |
TOP OF THE 8TH |
Victoria Capitals batting - Pitching for Madison Brewers : LHP Gordie Dennis
|
Pitching: LHP Dale Troutman
|
|
Batting: RHB Ray Wathey
|
0-0: Ball 1-0: Swinging Strike 1-1: Swinging Strike 1-2: Ball 2-2: Foul Ball, location: 2F 2-2: Strikes out swinging
|
Pinch Hitting: RHB Roberto Medina
|
0-0: Foul Ball, location: 2F 0-1: Foul Ball, location: 2F 0-2: Ball 1-2: Ball 2-2: DOUBLE (Line Drive, 7LM, EV 112.5 MPH)
|
Batting: RHB Mike Reynolds
|
0-0: Foul Ball, location: 2F 0-1: Foul Ball, location: 2F 0-2: Ball 1-2: Ball 2-2: Ball 3-2: Foul Ball, location: 2F 3-2: Foul Ball, location: 2F 3-2: Foul Ball, location: 2F 3-2: Strikes out swinging
|
Batting: RHB Antonio Arechiga
|
0-0: Foul Ball, location: 2F 0-1: Swinging Strike 0-2: Fly out, F8 (Flyball, 8RM, EV 84.4 MPH)
|
Top of the 8th over - 0 runs, 1 hit, 0 errors, 1 left on base; Victoria 2 - Madison 7 |
BOTTOM OF THE 8TH |
Madison Brewers batting - Pitching for Victoria Capitals : LHP Frank White
|
Now in LF: Rick Harrison
|
|
Batting: LHB Andy Underwood
|
0-0: Ball 1-0: Called Strike 1-1: Swinging Strike 1-2: Ball 2-2: Foul Ball, location: 2F 2-2: Strikes out swinging
|
Batting: RHB Ben Follett
|
0-0: Ball 1-0: Ball 2-0: Called Strike 2-1: Swinging Strike 2-2: Ball 3-2: Foul Ball, location: 2F 3-2: Reached on error, E9 (Line Drive, 9S, EV 86.9 MPH)
|
Pitching: RHP Jamie Riley
|
|
Batting: RHB Troy Morin
|
0-0: Called Strike Ben Follett steals 2nd base (no throw) 0-1: Swinging Strike 0-2: SINGLE (Line Drive, 89M, EV 100.0 MPH) Ben Follett to third
|
Batting: LHB Bill Kovac
|
0-0: Ball 1-0: Foul Ball, location: 2F 1-1: Ball Troy Morin steals 2nd base 2-1: Foul Ball, location: 2F 2-2: Ground out 3-1 (Groundball, 34S, EV 86.9 MPH) Ben Follett scores Troy Morin to third
|
Batting: RHB Jelani Griffin
|
0-0: Foul Ball, location: 2F 0-1: Ball 1-1: Ball 2-1: Called Strike 2-2: Strikes out swinging
|
Bottom of the 8th over - 1 run, 1 hit, 1 error, 1 left on base; Victoria 2 - Madison 8 |
TOP OF THE 9TH |
Victoria Capitals batting - Pitching for Madison Brewers : LHP Dale Troutman
|
Batting: RHB Nick Ellis
|
0-0: Swinging Strike 0-1: Swinging Strike 0-2: Foul Ball, location: 2F 0-2: Ball 1-2: Fly out, F9 (Flyball, 89S, EV 83.1 MPH)
|
Batting: RHB Jeremy Marin
|
0-0: Called Strike 0-1: Foul Ball, location: 2F 0-2: Foul Ball, location: 2F 0-2: Foul Ball, location: 2F 0-2: Foul Ball, location: 2F 0-2: Ball 1-2: Ball 2-2: Foul Ball, location: 2F 2-2: Ground out 5-3 (Groundball, 5, EV 79.4 MPH)
|
Batting: RHB Josh Rentz
|
0-0: Called Strike 0-1: Ball 1-1: Ground out 4-3 (Groundball, 34, EV 111.2 MPH)
|
Top of the 9th over - 0 runs, 0 hits, 0 errors, 0 left on base; Victoria 2 - Madison 8 |
|